 Dungeon Crawl Stone Soup version bcrawl-1.37.2 (webtiles) character file.

Game seed: 14270244592185562087

315316 MisterOstroum the Archer (level 9, -1/57 HPs)
             Began as a Skeleton Hunter on Feb 7, 2023.
             Was a Priest of Okawaru.
             Slain by a killer bee (3 damage)
             ... on level 7 of the Dungeon on Feb 10, 2023.
             The game lasted 00:11:44 (5590 turns).

MisterOstroum the Archer (Skeleton Hunter)          Turns: 5590, Time: 00:11:45

Health: -1/57      AC:  6    Str: 22 (23) XL:     9   Next: 37%
Magic:  0/12       EV: 15    Int:  8 (9)  God:    Okawaru [***...]
Gold:   401        SH:  0    Dex:  9      Spells: 8/8 levels left

rFire    . . .     GDR:     26% a - +2 shortbow
rCold    + . .     SeeInvis .   (shield currently unavailable)
rNeg     + + +     Gourm    .   c - +0 leather armour
rPois    ∞         Faith    .   l - +0 helmet
rElec    .         Spirit   +   t - scarf {Spirit}
rCorr    .         Reflect  .   k - +0 pair of gloves
MR       +....                  (no boots)
Stlth    +++.......             (no amulet)
HPRegen  1.19/turn              (no ring)
MPRegen  0.13/turn              (no ring)

@: about to teleport, heroism, marked
A: no food or potions, cold resistance 1, deterioration 1, negative energy
resistance 3, powered by death 1, torment resistance, unbreathing, magic shield,
sturdy frame 1, spell healing
a: Heroism, Renounce Religion


You were on level 7 of the Dungeon.
You worshipped Okawaru.
Okawaru was most pleased with you.
You were not hungry.

You visited 1 branch of the dungeon, and saw 8 of its levels.

You collected 533 gold pieces.
You spent 132 gold pieces at shops.

Inventory:

Hand Weapons
 a - a +2 shortbow (weapon)
 b - a +0 short sword
 u - a +2 whip of electrocution
Missiles
 d - 994 arrows (quivered)
 e - 207 poisoned tomahawks
 f - 2174 stones
 o - 86 tomahawks of dispersal {=f}
 p - 509 bolts
 q - 1086 sling bullets
Armour
 c - a +0 leather armour (worn)
 k - a +0 pair of gloves (worn)
 l - a +0 helmet (worn)
 t - a scarf of spirit shield (worn)
Wands
 n - a wand of flame (12)
 v - a wand of polymorph (8)
 w - a wand of random effects (6)
Scrolls
 g - 7 scrolls of remove curse
 i - a scroll of identify {@r1}
 j - a scroll of amnesia
 r - a scroll of enchant weapon
 s - 2 scrolls of teleportation


   Skills:
 * Level 7.2(12.2) Fighting
 + Level 10.3(15.3) Bows
 + Level 5.2(10.2) Dodging
 - Level 1.2(6.2) Stealth
 - Level 2.0 Invocations
 + Level 4.6 Evocations


You had 8 spell levels left.
You didn't know any spells.
Your spell library was empty.

Dungeon Overview and Level Annotations

Branches:
Dungeon (8/12)             Temple (0/1) D:6            Lair (0/6) D:8
    Orc: D:8-11

Altars:
Ashenzari
Gozag
Lugonu
Makhleb
Okawaru
Ru
Sif Muna
Wu Jian

Shops:
D:5 *

Annotations:
D:3 exclusion: door
D:5 3 runed translucent doors, TheNamelessOne's ghost, novice DgFi; tronn's ghost, novice DjWz; tronn's ghost, weakling OpTm
D:8 Pikel


Innate Abilities, Weirdness & Mutations

You do not eat or drink.
You are immune to poison.
Your flesh is cold resistant. (rC+)
Your body sometimes deteriorates upon taking damage.
You are immune to negative energy. (rN+++)
You regenerate a little health from kills.
You are immune to unholy pain and torment.
You can survive without breathing.
When hurt, damage is shared between your health and your magic reserves.
Your movements are slightly less encumbered by armour. (ER -2)
Casting spells heals you.


Message History

You hear a shout!
The killer bee misses you. The killer bee stings you!
Pikel the Slaver comes into view.
He is wielding a +2 whip of freezing.
Firing (i - inventory. (/) - cycle)
d - 1004 arrows (quivered)
Press: ? - help, Shift-Dir - straight line, f - killer bee
Aim: a killer bee You shoot an arrow.
The arrow closely misses the killer bee.
The bullfrog gives a loud, deep croak!
The arrow hits the killer bee but does no damage.
The killer bee closely misses you.
A slave comes into view.
Firing (i - inventory. (/) - cycle)
d - 1003 arrows (quivered)
Press: ? - help, Shift-Dir - straight line, f/p - killer bee
Aim: a killer bee You shoot an arrow.
The arrow barely misses the killer bee.
The arrow hits the killer bee!!
You kill the killer bee!
Okawaru accepts your kill. The killer bee stings you!
A slave comes into view.
The killer bee closely misses you. The killer bee misses you.
The bullfrog hits you. The killer bee stings you.
The killer bee closely misses you.
A rune on the stairs sparks and fizzles.
You climb upwards.
There is a stone staircase leading down here.
Firing (i - inventory. (/) - cycle)
d - 1002 arrows (quivered)
Press: ? - help, Shift-Dir - straight line, f - killer bee
Aim: a killer bee You shoot an arrow.
The arrow hits the killer bee.
The killer bee is moderately wounded.
The killer bee closely misses you. The bullfrog barely misses you.
The killer bee stings you.
Firing (i - inventory. (/) - cycle)
d - 1001 arrows (quivered)
Press: ? - help, Shift-Dir - straight line, f/p - killer bee
Aim: a killer bee (moderately wounded)
You shoot an arrow.
The arrow closely misses the killer bee.
The killer bee barely misses you. The killer bee closely misses you.
The bullfrog misses you.
Firing (i - inventory. (/) - cycle)
d - 1000 arrows (quivered)
Press: ? - help, Shift-Dir - straight line, f/p - killer bee
Aim: a killer bee (moderately wounded)
You shoot an arrow.
The arrow hits the killer bee but does no damage.
The killer bee is moderately wounded.
The killer bee closely misses you. The killer bee barely misses you.
The bullfrog barely misses you. The killer bee barely misses you.
Firing (i - inventory. (/) - cycle)
d - 999 arrows (quivered)
Press: ? - help, Shift-Dir - straight line, f/p - killer bee
Aim: a killer bee (moderately wounded)
You shoot an arrow. The arrow barely misses the killer bee.
The killer bee stings you but does no damage.
The killer bee barely misses you. The bullfrog barely misses you.
Firing (i - inventory. (/) - cycle)
d - 998 arrows (quivered)
Press: ? - help, Shift-Dir - straight line, f - bullfrog, p - killer bee
Aim: a bullfrog You shoot an arrow.
The arrow hits the bullfrog!
The bullfrog is heavily wounded.
The killer bee stings you. The killer bee stings you!
Your body deteriorates!
You feel dopey. The killer bee stings you. The bullfrog misses you.
Firing (i - inventory. (/) - cycle)
d - 997 arrows (quivered)
Press: ? - help, Shift-Dir - straight line, f/p - bullfrog
Aim: a bullfrog (heavily wounded)
You shoot an arrow. The arrow hits the bullfrog!
The bullfrog is almost dead.
The killer bee stings you. x2
* * * LOW HITPOINT WARNING * * *
Firing (i - inventory. (/) - cycle)
d - 996 arrows (quivered)
Press: ? - help, Shift-Dir - straight line, f/p - bullfrog
Aim: a bullfrog (almost dead)
You shoot an arrow. The arrow hits the bullfrog!
You kill the bullfrog!
Okawaru accepts your kill. The killer bee barely misses you.
The killer bee stings you.
* * * LOW HITPOINT WARNING * * *
Firing (i - inventory. (/) - cycle)
d - 995 arrows (quivered)
Press: ? - help, Shift-Dir - straight line, f - killer bee
Aim: a killer bee (moderately wounded)
You shoot an arrow.
The arrow closely misses the killer bee.
The killer bee misses you. The killer bee stings you!
* * * LOW HITPOINT WARNING * * *
Your body deteriorates!
You feel weakened. The killer bee misses you.
You can't drink.
Unknown command.
As you read the scroll labeled MONOGG LEMUMP, it crumbles to dust.
You hear a loud clanging noise!
A sentinel's mark forms upon you.
It was a scroll of noise.
The killer bee barely misses you. The killer bee misses you.
The killer bee stings you.
* * * LOW HITPOINT WARNING * * *
The killer bee misses you.
As you read the scroll of teleportation, it crumbles to dust.
You feel strangely unstable. The killer bee misses you.
The killer bee barely misses you. The killer bee stings you.
You die...

........#.........^..#
.....####............#
.##### #.....!.......#
.# #.............# .#
##!............## ##
#...............# ##
#...............# .###
#...............#
...##
#.......(y@.....#
....#
##........y.....#
...## ####...........#
..## ###.........# ###
####......# #####.##
### ##


You could see 2 killer bees.

Vanquished Creatures
  An ugly thing (D:6)
  An eye of draining (D:7)
  A hungry ghost (D:6)
  A sky beast (D:5)
  An ice beast (D:7)
  3 ogres
  6 bullfrogs
  A centaur (D:6)
  A scorpion (D:3)
  A killer bee (D:8)
  An orc priest (D:7)
  An electric eel (D:6)
  4 crimson imps
  4 hounds
  A jelly (D:5)
  3 orc wizards
  An iguana (D:6)
  4 worker ants
  A hound skeleton (D:6)
  A worker ant zombie (D:6)
  Robin (D:2)
  10 gnolls
  6 adders
  3 oozes
  2 adder zombies (D:5)
  An adder skeleton (D:3)
  4 worms
  13 dart slugs
  4 leopard geckos
  24 orcs
  3 giant cockroaches
  11 hobgoblins
  9 jackals
  A quokka (D:3)
  4 bats (D:2)
  3 frilled lizards
  8 goblins
  8 kobolds
  A quokka skeleton (D:4)
  4 rats
158 creatures vanquished.

Notes
Turn   | Place    | Note
-------+----------+-------------------------------------------
     0 | D:1      | MisterOstroum the Skeleton Hunter began the quest for the
                  | Orb.
     0 | D:1      | Reached XP level 1. HP: 12/12 MP: 1/1
   176 | D:1      | Reached XP level 2. HP: 15/18 MP: 2/2
   286 | D:1      | Reached skill level 5 in Bows
   422 | D:2      | Found a glowing golden altar of the Shining One.
   423 | D:2      | Found an iron altar of Okawaru.
   424 | D:2      | Found an ornate altar of the Wu Jian Council.
   427 | D:2      | Became a worshipper of Warmaster Okawaru
   445 | D:2      | Reached XP level 3. HP: 23/23 MP: 3/3
   485 | D:2      | Found a shattered altar of Ashenzari.
   965 | D:2      | Noticed Robin
   966 | D:2      | Reached XP level 4. HP: 27/28 MP: 4/4
   969 | D:2      | Killed Robin
   970 | D:2      | Reached skill level 6 in Bows
   970 | D:2      | Reached skill level 1 in Invocations
  1475 | D:3      | Reached XP level 5. HP: 32/32 MP: 6/6
  1534 | D:3      | Found a glowing silver altar of Zin.
  1583 | D:3      | Found a corrupted altar of Lugonu.
  1682 | D:3      | Reached * piety under Okawaru
  1683 | D:3      | Reached skill level 7 in Bows
  1811 | D:3      | Found a faded altar of an unknown god.
  1811 | D:3      | Found a sacrificial altar of Ru.
  1815 | D:3      | Noticed an ice beast
  2339 | D:4      | Gained mutation: You regenerate a little health from kills.
                  | [Skeleton growth]
  2339 | D:4      | Reached XP level 6. HP: 38/38 MP: 7/7
  2574 | D:4      | Found an opulent altar of Gozag.
  3055 | D:5      | Entered Level 5 of the Dungeon
  3062 | D:5      | Reached skill level 8 in Bows
  3062 | D:5      | Reached XP level 7. HP: 40/44 MP: 5/8
  3212 | D:5      | Found a burning altar of Makhleb.
  3226 | D:5      | Reached skill level 5 in Fighting
  3233 | D:5      | Reached ** piety under Okawaru
  3507 | D:5      | Found a runed translucent gate.
  3507 | D:5      | Found a runed translucent gate.
  3508 | D:5      | Found a runed translucent gate.
  3509 | D:5      | Noticed tronn's ghost (weakling OpTm)
  3509 | D:5      | Noticed tronn's ghost (novice DjWz)
  3509 | D:5      | Noticed TheNamelessOne's ghost (novice DgFi)
  3543 | D:5      | Found Raill's General Store.
  3553 | D:5      | Bought a wand of random effects (7) for 60 gold pieces
  3553 | D:5      | Bought a wand of flame (14) for 72 gold pieces
  3842 | D:6      | Reached skill level 9 in Bows
  3912 | D:6      | Noticed a cyan ugly thing
  3918 | D:6      | Reached skill level 1 in Evocations
  3918 | D:6      | Reached XP level 8. HP: 49/49 MP: 6/9
  3927 | D:6      | Killed a cyan ugly thing
  3928 | D:6      | Reached skill level 10 in Bows
  4173 | D:6      | Found a shimmering blue altar of Sif Muna.
  4333 | D:6      | Found a staircase to the Ecumenical Temple.
  4374 | D:6      | Reached *** piety under Okawaru
  4774 | D:7      | Found a burning altar of Makhleb.
  4981 | D:7      | Reached XP level 9. HP: 55/55 MP: 12/12
  5385 | D:7      | Noticed an eye of draining
  5390 | D:7      | Killed an eye of draining
  5390 | D:7      | Received a gift from Okawaru
  5391 | D:7      | Reached skill level 5 in Dodging
  5494 | D:8      | Noticed a death yak
  5576 | D:8      | Noticed Pikel
  5589 | D:7      | HP: 1/57 [killer bee (5)]
  5590 | D:7      | Slain by a killer bee

Skill      XL: |  1  2  3  4  5  6  7  8  9 |
---------------+----------------------------+-----
Fighting       | 3 4 5 6 7 |  7.2
Bows           | 5 6 7 8 9 10 | 10.3
Invocations    | 1 2 |  2.0
Dodging        | 3 4 5 |  5.2
Evocations     | 1 4 |  4.6
Stealth        | |  1.2

Action                   |  1- 3 |  4- 6 |  7- 9 || total
-------------------------+-------+-------+-------++-------
Melee: Short sword       |    53 |    17 |    20 ||    90
 Fire: Shortbow          |    79 |   174 |   214 ||   467
Invok: Heroism           |       |       |     2 ||     2
Evoke: Wand              |       |       |     3 ||     3
  Use: Scroll            |     1 |     2 |     5 ||     8
 Stab: Sleeping          |       |     1 |       ||     1
Armor: Leather armour    |     9 |     6 |    14 ||    29
Dodge: Dodged            |    57 |    38 |    46 ||   141
